 Seeded DCSS version 0.30.1-9-gdf580d7c3d (webtiles) character file.

Game seed: 7547814903460644772 (custom seed)

18 Psyclone the Stinger (level 2, -1/17 HPs)
             Began as an Octopode Venom Mage on Sept 27, 2023.
             Was an Initiate of Gozag.
             Slain by an ogre
             ... wielding a +0 giant club
              (18 damage)
             ... on level 4 of the Dungeon.
             The game lasted 00:03:08 (658 turns).

Psyclone the Stinger (Octopode Venom Mage)           Turns: 658, Time: 00:03:08

Health: -1/17      AC:  1    Str:  7    XL:     2   Next: 66%
Magic:  5/5        EV: 13    Int: 17    God:    Gozag
Gold:   11         SH:  0    Dex: 12    Spells: 4/5 levels left

rFire   . . .        e - +4 dagger
rCold   . . .        (no shield)
rNeg    . . .        (helmet restricted)
rPois   .            (no amulet)
rElec   .            (no ring)
rCorr   .            (no ring)
SInv    .            (no ring)
Will    .....        (no ring)
Stlth   +++          (no ring)
HPRegen 0.22/turn    (no ring)
MPRegen 0.09/turn    (no ring)
                     (no ring)

%: no passive effects
@: no status effects
A: almost no armour, amphibious, 8 rings, camouflage 1, gelatinous body 1,
(nimble swimmer 1), tentacles
a: Renounce Religion, Potion Petition, Call Merchant, Bribe Branch


You were on level 4 of the Dungeon.
You worshipped Gozag.
Gozag was noncommittal.
You visited 1 branch of the dungeon, and saw 5 of its levels.

You collected 119 gold pieces.
You paid 108 gold pieces to Gozag.

Inventory:

Hand Weapons
 e - a +4 dagger (weapon)
Scrolls
 b - a scroll of identify {unknown}
 c - a scroll of magic mapping {unknown}
 f - a scroll of vulnerability {unknown}
Potions
 a - a potion of magic
 d - 2 potions of experience {unknown}


   Skills:
 - Level 2.0 Dodging
 - Level 2.6 Stealth
 - Level 2.0 Spellcasting
 - Level 1.0 Transmutations
 + Level 4.7 Poison Magic


You had 4 spell levels left.
You knew the following spells:

 Your Spells              Type           Power      Damage    Failure   Level
a - Sting                 Tmut/Pois      44%        1d5       6%          1

Your spell library contained the following spells:

 Spells                   Type           Power      Damage    Failure   Level
 Poisonous Vapours        Pois/Air       18%        N/A       11%         2
 Olgreb's Toxic Radiance  Pois           17%        N/A       26%         4
 Lesser Beckoning         Tloc           2%         N/A       28%         2
 Mephitic Cloud           Conj/Pois/Air  7%         N/A       30%         3
 Gell's Gravitas          Tloc           1%         N/A       50%         3
 Teleport Other           Tloc           1%         N/A       50%         3


Dungeon Overview and Level Annotations

Branches:
Dungeon (5/15) Zot: 26880
 Temple: D:4-7

Altars:
Gozag
Okawaru
Ru
Yredelemnul


Innate Abilities, Weirdness & Mutations

You cannot wear most types of armour.
You are amphibious.
You can wear up to eight rings at the same time.
Your skin changes colour to match your surroundings (Stealth+).
Your rubbery body absorbs attacks. (AC +1, EV +1)
((You are camouflaged when in or above water. (Stealth+)))
You have tentacles for arms and can constrict up to eight enemies at once.


Message History

A goblin comes into view. It is wielding a +0 club.
There is a stone staircase leading down here.
HP restored.
The goblin misses you.
You climb downwards.
Found 2 clear potions, 3 stones, a mace and 16 gold pieces.
There is a stone staircase leading up here.
Health restored: 17 The helpless orc fails to defend itself.
You puncture the orc!
You kill the orc!
The goblin hits you with a +0 club.
You take 3 damage, and have 14/17 hp.
You hit the goblin. Your grab misses the goblin.
The goblin is moderately wounded.
The goblin misses you.
You closely miss the goblin. Your grab misses the goblin.
The goblin is moderately wounded.
The goblin misses you.
You hit the goblin.
You kill the goblin!
As you open the door, it creaks loudly!
Found an opulent altar of Gozag and a sacrificial altar of Ru.
Found an iron altar of Okawaru.
There is an open door here.
There is an opulent altar of Gozag here.
You curl up in front of the altar of Gozag.
Gozag welcomes you!
You pay a service fee of 108 gold.
There is an open door here.
Health restored: 17 You start waiting.
Done waiting.
There is a stone staircase leading up here.
You climb upwards.
You hear the sound of rushing water.
There is an entrance to a sewer on this level.
Hurry and find it before the portal rusts away!
You hear the slow rusting of a very distant drain.
The ogre hits you with a +0 giant club!!
Ouch! That really hurt!
You die...
Your body crumbles into a pile of gold.

#########
......O@#
#######.#
#.#
#######.#
........#
#.#####.#
#.# #.# _
#.###


You could see an ogre.

Vanquished Creatures
  An orc (D:5)
  2 bats
  An endoplasm (D:1)
  A goblin (D:5)
  4 hobgoblins
  A quokka (D:2)
  3 frilled lizards
  A kobold (D:1)
  A rat (D:1)
15 creatures vanquished.

Notes
Turn   | Place    | Note
-------+----------+-------------------------------------------
     0 | D:1      | Psyclone the Octopode Venom Mage began the quest for the
                  | Orb.
     0 | D:1      | Reached XP level 1. HP: 11/11 MP: 3/3
   152 | D:1      | Reached skill level 4 in Poison Magic
   185 | D:1      | Reached XP level 2. HP: 17/17 MP: 0/5
   499 | D:4      | Noticed an ogre
   522 | D:4      | Found a basalt altar of Yredelemnul.
   540 | D:5      | Entered Level 5 of the Dungeon
   547 | D:5      | Found an opulent altar of Gozag.
   547 | D:5      | Found a sacrificial altar of Ru.
   548 | D:5      | Found an iron altar of Okawaru.
   551 | D:5      | Became a worshipper of Gozag Ym Sagoz the Greedy
   658 | D:4      | Slain by an ogre

Illustrated notes

Levels and vault maps discovered:
D:1:      lordsloth_arrival_two_stooges, layout_basic,
          chequers_ecumenical_altar_simple
D:2:      layout_loops_ring, uniq_jessica
D:3:      layout_loops_cross, ashenzari_conservatory_becter,
          nzn_wu_jian_council_hall, chequers_serial_rivers_room_a,
          grunt_decor_cap, hangedman_abyss_or_decor_lesser_grid,
          hangedman_decor_peaks_small, minmay_gold_behind_fungi, uniq_natasha,
          uniq_crazy_yiuf_cottage
D:4:      layout_loops_ring, grunt_temple_overflow_order_and_chaos_2,
          yredelemnul_altar_generic, nemelex_dance_club_becter,
          gup_sewer_entry_bubbles
D:5:      layout_loops_ring, grunt_temple_overflow_growth_and_decay,
          nicolae_overflow_quartered_altars, doesnt_shop_hydraphobe

Skill      XL: |  1 |
---------------+----+-----
Poison Magic   | 4 |  4.7
Dodging        | |  2.0
Stealth        | |  2.6
Spellcasting   | |  2.0
Transmutations | |  1.0

Action                     || total
---------------------------++-------
  Melee: Unarmed           ||     8
         Tentacles         ||     4
         Constrict         ||     3
         Dagger            ||    17
   Cast: Sting             ||    10
   Stab: Sleeping          ||     3
 Armour: Skin              ||     1
  Dodge: Dodged            ||    13
